 Dungeon Crawl Stone Soup version 0.30-a0-610-gb513c0a51f (webtiles) character file.

Game seed: 7590989468920500861

1355 BaabKaare the Firebug (level 8, 0/56 HPs)
             Began as a Human Fire Elementalist on Jan 8, 2023.
             Was an Initiate of Makhleb.
             Slain by a black bear (6 damage)
             ... on level 6 of the Dungeon.
             The game lasted 00:26:50 (6335 turns).

BaabKaare the Firebug (Human Fire Elementalist)     Turns: 6335, Time: 00:26:51

Health: 0/56       AC:  6    Str:  7 (8)  XL:     8   Next: 95%
Magic:  1/17       EV: 12    Int: 18      God:    Makhleb [......]
Gold:   244        SH:  0    Dex: 12      Spells: 6/19 levels left

rFire   . . .      SeeInvis .    c - +1 long sword
rCold   . . .      Faith    .    (no shield)
rNeg    . . .      Spirit   .    a - +0 robe
rPois   .          Reflect  .    (no helmet)
rElec   .          Harm     .    (no cloak)
rCorr   .          Rampage  .    (no gloves)
Will    .....                    (no boots)
Stlth   ++                       (no amulet)
HPRegen 0.29/turn                i - ring of wizardry
MPRegen 0.15/turn                g - +4 ring of protection

@: no status effects
A: clumsy 1, deterioration 1, inability to read after injury 1
a: Renounce Religion


You were on level 6 of the Dungeon.
You worshipped Makhleb.
Makhleb was noncommittal.
You visited 2 branches of the dungeon, and saw 7 of its levels.

You collected 244 gold pieces.

Inventory:

Hand Weapons
 c - a +1 long sword (weapon)
 f - a +1 antimagic dagger
 j - the +4 sling "Ogreslayer" {heavy, SInv}
   (You found it on level 2 of the Dungeon)

   SInv:      It lets you see invisible.
 v - a +2 scimitar of freezing
Armour
 a - a +0 robe (worn)
 b - a +0 cloak
Jewellery
 e - the ring of Yskir {rC+ rCorr Dex+4 Stlth+}
   (You found it on level 2 of the Dungeon)

   [ring of protection from cold]

   Dex:       It affects your dexterity (+4).
   rC:        It protects you from cold.
   rCorr:     It protects you from acid and corrosion.
   Stlth:     It makes you more stealthy.
 g - a +4 ring of protection (right hand)
 h - a ring of poison resistance
 i - a ring of wizardry (left hand)
 l - a +6 ring of dexterity
 n - a ring of flight
 t - a ring of see invisible
Wands
 x - a wand of roots (13)
 B - a wand of polymorph (1)
 D - a wand of flame (13)
Scrolls
 k - 2 scrolls of blinking
 m - 2 scrolls of poison
 o - 8 scrolls of identify
 q - a scroll of magic mapping {unknown}
 r - a scroll of noise {unknown}
 s - 4 scrolls of amnesia {unknown}
 u - a scroll of vulnerability {unknown}
 w - 3 scrolls of teleportation {unknown}
 y - a scroll of enchant weapon
 z - a scroll of immolation {unknown}
Potions
 d - a potion of haste {unknown}
 A - a potion of flight {unknown}
 C - a potion of cancellation {unknown}


   Skills:
 + Level 2.2 Fighting
 + Level 2.5 Long Blades
 + Level 3.0 Dodging
 + Level 3.2 Stealth
 + Level 6.1 Spellcasting
 + Level 1.4 Conjurations
 + Level 0.4 Hexes
 + Level 0.1 Translocations
 + Level 6.6 Fire Magic
 + Level 0.1 Air Magic


You had 6 spell levels left.
You knew the following spells:

 Your Spells              Type           Power      Damage    Failure   Level
a - Foxfire               Conj/Fire      80%        2x1d8     1%          1
b - Scorch                Fire           58%        2d8       1%          2
c - Kindle Blastsparks    Fire/Tloc/Air  26%        2d12      6%          3
d - Inner Flame           Hex/Fire       18%        N/A       3%          3
e - Flame Wave            Conj/Fire      20%        2d7       9%          4

Your spell library contained the following spells:

 Spells                   Type           Power      Damage    Failure   Level
 Shock                    Conj/Air       32%        1d5       3%          1
 Blink                    Tloc           10%        N/A       7%          2
 Sublimation of Blood     Necr           5%         N/A       8%          2
 Wereblood                Tmut           5%         N/A       8%          2
 Gell's Gravitas          Tloc           5%         N/A       14%         3
 Lesser Beckoning         Tloc           10%        N/A       14%         3
 Swiftness                Air            5%         N/A       14%         3
 Teleport Other           Tloc           5%         N/A       14%         3
 Fulminant Prism          Conj/Hex       4%         3d5       30%         4
 Iskenderun's Mystic Bla  Conj/Tloc      8%         2d4       32%         4
 Airstrike                Air            2%         2d(1-17)  41%         4
 Manifold Assault         Tloc           5%         N/A       41%         4
 Lee's Rapid Deconstruct  Erth           2%         3d5*      75%         5
 Storm Form               Tmut/Air       2%         N/A       100%        7
 Summon Hydra             Summ           2%         N/A       100%        7


Dungeon Overview and Level Annotations

Branches:
Dungeon (6/15)             Temple (1/1) D:4

Altars:
Ashenzari
Cheibriados
Gozag
Hepliaklqana
Kikubaaqudgha
Makhleb
Okawaru
Uskayaw
Xom
Zin

Shops:
D:6 [


Innate Abilities, Weirdness & Mutations

You are clumsy. (Dex -2)
Your body sometimes deteriorates upon taking damage.
You occasionally lose the ability to read scrolls when taking damage.


Message History

The black bear is moderately wounded.
The black bear bites you. The black bear barely misses you.
The black bear misses you.
You hit the black bear but do no damage.
The black bear is moderately wounded.
The black bear is no longer more vulnerable to fire.
The black bear bites you.
The black bear claws you but does no damage.
The black bear barely misses you. The black bear misses you.
The black bear claws you but does no damage.
The black bear closely misses you.
You slash the black bear!
The black bear is severely wounded.
The black bear misses you.
The black bear claws you but does no damage.
The black bear completely misses you.
You hit the black bear.
The black bear is severely wounded.
The black bear goes berserk!
You hit the black bear but do no damage.
The black bear is severely wounded.
The black bear completely misses you. The black bear claws you.
* * * LOW HITPOINT WARNING * * *
Your body deteriorates!
You feel weakened. The black bear claws you.
* * * LOW HITPOINT WARNING * * *
The black bear bites you but does no damage.
The black bear misses you.
The black bear claws you but does no damage.
You hit the black bear.
The black bear is almost dead.
The black bear bites you but does no damage.
The black bear claws you.
* * * LOW HITPOINT WARNING * * *
The black bear barely misses you. The black bear bites you.
* * * LOW HITPOINT WARNING * * *
The black bear claws you but does no damage.
The black bear claws you.
You die...
Xom snickers!

##..##....#
+#####..####
#!((##'#..##
#.....##.)..# ##+
..h....+....#
##..##l..8...##..##
#)..K'Wl.....##'##
#...h##.....##..##
##..#@##(??##....#
####..#####'....#
#....##.)##..##
#....'....####
##..##....#
######..## ####


You could see a black bear (berserk) and a kobold brigand.

Vanquished Creatures
  An orc warrior (D:6)
  An ogre (D:6)
  4 phantoms
  Blork the orc (D:4)
  A scorpion (D:5)
  4 jellies
  4 orc priests
  6 iguanas
  6 gnolls
  9 adders
  A shadow imp (D:3)
  4 ufetubi
  5 worms
  A dart slug (D:2)
  24 orcs
  7 ball pythons
  5 bats
  6 endoplasms
  5 giant cockroaches
  4 goblins
  7 hobgoblins
  4 quokkas
  A frilled lizard (D:1)
  8 kobolds
  5 rats
124 creatures vanquished.

Vanquished Creatures (collateral kills)
  A scorpion (D:5)
1 creature vanquished.

Vanquished Creatures (others)
  53 foxfires
  A fungus (D:1)
  A plant (D:1)
55 creatures vanquished.

Grand Total: 180 creatures vanquished

Notes
Turn   | Place    | Note
-------+----------+-------------------------------------------
     0 | D:1      | BaabKaare the Human Fire Elementalist began the quest for
                  | the Orb.
     0 | D:1      | Reached XP level 1. HP: 13/13 MP: 3/3
   383 | D:2      | Reached XP level 2. HP: 19/19 MP: 3/5
   384 | D:2      | Identified the ring of Yskir {rC+ rCorr Dex+4 Stlth+}
   679 | D:2      | Learned a level 2 spell: Scorch
   683 | D:2      | Identified the +4 sling "Ogreslayer" {heavy, SInv}
   695 | D:2      | Reached XP level 3. HP: 24/24 MP: 0/6
   754 | D:2      | Learned a level 3 spell: Kindle Blastsparks
  1232 | D:3      | Found a faded altar of an unknown god.
  1240 | D:3      | Prayed at the altar of an unknown god.
  1240 | D:3      | Became a worshipper of Xom the Begetter of Discontinuities
  1392 | D:2      | Found an iron altar of Okawaru.
  1459 | D:2      | XOM: divination: magic mapping
  1690 | D:3      | Reached XP level 4. HP: 30/30 MP: 1/7
  1832 | D:2      | XOM: divination: magic mapping
  1983 | D:2      | XOM: silly message
  2066 | D:1      | XOM: 2-stop teleportation journey
  2206 | D:1      | XOM: god gift: book of Air
  2341 | D:2      | XOM: scenery: 1 doors open, 1 doors close
  2602 | D:2      | XOM: silly message
  2795 | D:3      | Found an ancient bone altar of Kikubaaqudgha.
  2829 | D:4      | Noticed a phantom
  2835 | D:4      | Killed a phantom
  2836 | D:4      | Reached XP level 5. HP: 35/35 MP: 0/9
  2884 | D:4      | Noticed a +0 spear
  2884 | D:4      | Noticed a +0 dagger
  2884 | D:4      | Noticed a +0 dagger
  2885 | D:4      | Noticed a +0 short sword
  2886 | D:4      | Noticed a +0 falchion
  2886 | D:4      | Noticed a +0 spear
  2887 | D:4      | Noticed a +0 short sword
  2887 | D:4      | Noticed a +0 falchion
  2909 | D:4      | Reached XP level 6. HP: 40/41 MP: 5/11
  2913 | D:4      | Found a large runed translucent door.
  2913 | D:4      | Found a large runed translucent door.
  2939 | D:4      | XOM: butterfly on damage
  2944 | D:4      | Reached skill level 1 in Fighting
  3114 | D:4      | Found a hide-covered altar of Uskayaw.
  3165 | D:4      | Found a staircase to the Ecumenical Temple.
  3174 | Temple   | Entered the Ecumenical Temple
  3213 | D:4      | Noticed Blork the orc
  3224 | D:4      | Learned a level 3 spell: Inner Flame
  3253 | D:4      | XOM: fog
  3330 | D:4      | XOM: give mutation
  3330 | D:4      | Gained mutation: Your mind is acute. (Int +4, Str/Dex -1)
                  | [Xom's grace]
  3415 | D:4      | Killed Blork the orc
  3416 | D:4      | Reached skill level 5 in Fire Magic
  3416 | D:4      | Reached XP level 7. HP: 46/48 MP: 4/12
  3431 | D:4      | Found a snail-covered altar of Cheibriados.
  3440 | D:4      | Found an opulent altar of Gozag.
  3727 | D:4      | Found a hazy altar of Hepliaklqana.
  3939 | D:5      | Entered Level 5 of the Dungeon
  3953 | D:5      | Found a broken altar of Ashenzari.
  3969 | D:4      | XOM: god gift: quarterstaff {god gift}
  3982 | D:5      | HP: 2/48 [spore (38)]
  4267 | D:5      | XOM: 3-stop teleportation journey
  4286 | D:5      | XOM: scenery: summon butterflies
  4294 | D:5      | Reached skill level 1 in Long Blades
  4448 | D:5      | Found a glowing drain.
  4466 | D:5      | XOM: scenery: summon butterflies
  4466 | D:5      | XOM: butterfly on damage
  4467 | D:5      | XOM: confuse monster(s)
  4645 | D:5      | XOM: torment (25/48 hp)
  4724 | D:5      | XOM: give mutations
  4724 | D:5      | Gained mutation: You are clumsy. (Dex -2) [Xom's mischief]
  4724 | D:5      | Lost mutation: Your mind is acute. (Int +4, Str/Dex -1)
                  | [Xom's mischief]
  4724 | D:5      | Gained mutation: Your body sometimes deteriorates upon
                  | taking damage. [Xom's mischief]
  4724 | D:5      | Gained mutation: You occasionally lose the ability to read
                  | scrolls when taking damage. [Xom's mischief]
  4731 | D:5      | Reached XP level 8. HP: 51/55 MP: 3/15
  4745 | D:5      | Reached skill level 5 in Spellcasting
  4869 | D:5      | Learned a level 4 spell: Flame Wave
  4919 | D:5      | XOM: confusion
  4928 | D:5      | XOM: summons friendly white imp
  5044 | D:5      | Found a burning altar of Makhleb.
  5050 | D:5      | Fell from the grace of Xom
  5050 | D:5      | Became a worshipper of Makhleb the Destroyer
  5885 | D:6      | Found Ticwuachu's Armour Shoppe.
  6335 | D:6      | Slain by a black bear

Illustrated notes

Levels and vault maps discovered:
D:1:      saegor_arrival_under_anarchy, layout_basic,
          dreamdust_mushroom_princess, minmay_misc_feat_cross
D:2:      minmay_chambers_of_ones, layout_basic, basic_altar
D:3:      layout_rooms, mainiacjoe_overflow_six_doors_small,
          basic_ecumenical_altar
D:4:      layout_basic, nicolae_uskayaw_en_pointe, kennysheep_mini,
          jmf_multi_god_temple2, minmay_temple_entry_statues_pillars,
          lightli_ossuary_entry_decrepit_ruins, uniq_blork_the_orc
D:5:      layout_basic, kennysheep_mini_moat, ashenzari_conservatory_becter,
          portal_sewer_entry_a
D:6:      minmay_bubble_buster, layout_gridville,
          mainiacjoe_overflow_tiny_flanked, serial_shops,
          nicolae_lakefront_shop, grunt_ministairs_1, glass_columns_b,
          chequers_mini_garden
Temple:   hellmonk_temple_beads

Skill      XL: |  1  2  3  4  5  6  7  8 |
---------------+-------------------------+-----
Fire Magic     | 4 5 6 |  6.6
Spellcasting   | 3 4 6 |  6.1
Fighting       | 1 2 |  2.2
Stealth        | 3 |  3.2
Long Blades    | 1 2 |  2.5
Dodging        | 3 |  3.0
Conjurations   | |  1.4
Hexes          | |  0.4
Translocations | |  0.1
Air Magic      | |  0.1

Action                   |  1- 3 |  4- 6 |  7- 9 || total
-------------------------+-------+-------+-------++-------
Melee: Long sword        |     8 |    46 |    66 ||   120
       Unarmed           |     4 |       |       ||     4
       Punch             |     1 |       |     1 ||     2
 Cast: Foxfire           |    19 |    12 |       ||    31
       Scorch            |    14 |    43 |    79 ||   136
       Kindle Blastspark |       |     2 |     1 ||     3
       Inner Flame       |       |     1 |     7 ||     8
       Flame Wave        |       |       |     2 ||     2
  Use: Scroll            |     3 |       |       ||     3
       Potion            |       |     4 |     1 ||     5
 Stab: Sleeping          |       |     1 |       ||     1
Armor: Robe              |     9 |    23 |    51 ||    83
Dodge: Dodged            |    17 |    77 |   103 ||   197

Table legend: (Time is in decaauts)
 A = Elapsed time spent in this place.
 B = Non-inter-level travel time spent in this place.
 C = Inter-level travel time spent in this place.
 D = Time resting spent in this place.
 E = Time spent auto-exploring this place.
 F = Levels seen in this place.
 G = Mean time per level.
                   A        B        C        D        E       F      G
               +--------+--------+--------+--------+--------+-----+--------+
         Total |   6387 |   6293 |     94 |   2526 |   1958 |   7 |  912.4 |
       Dungeon |   6359 |   6265 |     94 |   2526 |   1958 |   6 | 1059.8 |
        Temple |     27 |     27 |      0 |      0 |      0 |   1 |   27.0 |
               +--------+--------+--------+--------+--------+-----+--------+

Top non-repeatable levels by time:
     D:5: 1880 daAuts
     D:2: 1233 daAuts
     D:4: 1101 daAuts
     D:1: 853 daAuts
     D:3: 748 daAuts
     D:6: 542 daAuts
  Temple: 27 daAuts
